 Dungeon Crawl Stone Soup version 0.17-a0-802-g1f09329 (webtiles) character file.

48 RobertPalmer the Bolt Thrower (level 4, -4/26 HPs)
             Began as a Kobold Hunter on Apr 26, 2015.
             Slain by an adder (5 damage)
             ... on level 2 of the Dungeon.
             The game lasted 00:02:31 (1401 turns).

RobertPalmer the Bolt Thrower (Kobold Hunter)       Turns: 1401, Time: 00:02:31

Health: -4/26      AC:  3    Str:  7 (10) XL:     4   Next: 0%
Magic:  4/4        EV: 14    Int: 15      God:
Gold:   96         SH:  0    Dex: 16      Spells: 0 memorised, 3 levels left

rFire  . . .     SeeInvis .     a - +0 short sword
rCold  . . .     Clarity  .     d - +0 leather armour
rNeg   . . .     SustAb   .     (shield restricted)
rPois  .         Gourm    .     (no helmet)
rElec  .         Spirit   .     (no cloak)
rCorr  .         Warding  .     (no gloves)
rMut   .         Stasis   .     (no boots)
MR     .....                    (no amulet)
Stlth  ++........               (no ring)
                                (no ring)

@: brilliant, not resistant to hostile enchantments, unstealthy
A: carnivore 3
a: no special abilities


You were on level 2 of the Dungeon.
You were completely stuffed.

You visited 1 branch of the dungeon, and saw 2 of its levels.

You collected 96 gold pieces.

Inventory:

Hand weapons
 a - a +0 short sword (weapon)
 b - a +1 hand crossbow
Missiles
 c - 40 bolts
 f - a throwing net {=f, !d}
 o - 18 steel bolts
Armour
 d - a +0 leather armour (worn)
Jewellery
 j - a cursed amulet of guardian spirit {unknown}
   (You found it on level 1 of the Dungeon)
Scrolls
 g - 4 scrolls of remove curse
 h - a scroll of fear {unknown}
 i - 2 scrolls of recharging {unknown}
Potions
 k - a potion of brilliance
Comestibles
 m - a beef jerky


   Skills:
 - Level 2.1 Fighting
 + Level 4.2 Short Blades
 - Level 4.8 Crossbows
 - Level 2.4 Dodging
 - Level 1.3 Stealth


You had 3 spell levels left.
You didn't know any spells.

Dungeon Overview and Level Annotations

Branches:
Dungeon (2/15)

Altars:
Cheibriados


Innate Abilities, Weirdness & Mutations

You are small and have problems with some larger weapons.
You are carnivorous and can eat meat at any time.


Message History

You miss the giant newt. The giant newt closely misses you.
You hit the giant newt.
The giant newt bites you but does no damage.
You miss the giant newt.
The giant newt bites you but does no damage.
You barely miss the giant newt. You completely miss the giant newt.
The giant newt barely misses you.
You closely miss the giant newt. The giant newt bites you.
You take 1 damage, and have 20/21 hp.
You hit the giant newt.
You kill the giant newt!
You hit the hobgoblin. You hit the hobgoblin.
You kill the hobgoblin!
You hit the hobgoblin. The hobgoblin hits you with a club.
You take 5 damage, and have 15/21 hp.
MASSIVE DAMAGE!!
You hit the hobgoblin. The hobgoblin hits you with a club.
You take 1 damage, and have 14/21 hp.
You barely miss the hobgoblin. You hit the hobgoblin.
You kill the hobgoblin!
The bat misses you. The bat hits you but does no damage.
The bat closely misses you.
Things that are here:
a club; a hobgoblin corpse; a kobold corpse You hit the bat but do no damage.
The bat closely misses you. The bat barely misses you.
Found a stone staircase leading down.
The bat hits you but does no damage.
You hit the bat. The bat closely misses you.
The bat hits you but does no damage.
You hit the bat.
You kill the bat!
Your Short Blades skill increases to level 4!
No target in view!
No target in view!
The adder closely misses you.
You see here 8 gold pieces.
You barely miss the adder. The adder closely misses you.
You miss the adder. The adder bites you but does no damage.
The adder misses you. The adder bites you but does no damage.
Unknown command.
The adder bites you.
You take 3 damage, and have 12/21 hp.
The adder barely misses you. x2
The adder misses you.
You hit the adder. The adder bites you.
You are poisoned.
The adder poisons you!
You take 5 damage, and have 7/21 hp.
MASSIVE DAMAGE!!
Drink which item? (? for menu, Esc to quit)
It was a potion of brilliance.
You feel clever all of a sudden.
You feel sick. The adder closely misses you.
You take 1 damage, and have 6/21 hp.
Drink which item? (? for menu, Esc to quit)
It was a potion of curing.
You feel better. The adder bites you but does no damage.
You regained 7 hp, and now have 13/21 hp.
You miss the adder. The adder misses you. The adder bites you.
You take 5 damage, and have 8/21 hp.
MASSIVE DAMAGE!!
You hit the adder. The adder bites you.
* * * LOW HITPOINT WARNING * * *
You take 4 damage, and have 4/21 hp.
Unknown command.
Drink which item? (? for menu, Esc to quit)
You feel better. The adder misses you.
You regained 7 hp, and now have 11/21 hp.
You closely miss the adder. The adder bites you.
You take 3 damage, and have 8/21 hp.
Unknown command.
Your leather armour prevents you from hitting the adder.
The adder closely misses you.
You closely miss the adder. The adder bites you.
* * * LOW HITPOINT WARNING * * *
You take 4 damage, and have 5/21 hp.
Unknown command.
You closely miss the adder. The adder closely misses you.
The adder closely misses you.
You barely miss the adder. The adder bites you.
* * * LOW HITPOINT WARNING * * *
You take 4 damage, and have 1/21 hp.
Unknown command.
Drink which item? (? for menu, Esc to quit)
It was a potion of degeneration.
There was something very wrong with that liquid.
You feel weakened. The adder barely misses you.
You hit the adder.
You kill the adder!
You have reached level 4!
MP restored: 4 Read which item? (? for menu, Esc to quit)
As you read the scroll labeled PAMOCV LIFREAM, it crumbles to dust.
You feel blessed for a moment.
It was a scroll of remove curse.
The adder bites you.
You die...

...........
#..#.......##
.....>.....#
#.#.......###
#......$....#
########.#.......#.#
##......#...........#
#.........#.#.#S#.#.#
##.........#
###@##..# ..........#
#..##)## ###.......#
##..#).# ########.##
#...#.## .## #..#
##.....# ..## ##.##
#.....## ...# #..#
#.....# ...# #.##
###.....#
...###.####......##


You could see an adder.

Vanquished Creatures
  An adder (D:2)
  An ooze (D:1)
  A giant gecko (D:2)
  A ball python (D:2)
  5 hobgoblins
  3 jackals (D:2)
  5 bats
  2 giant cockroaches
  2 giant newts (D:2)
  2 goblins
  7 kobolds
  5 rats
35 creatures vanquished.

Notes
Turn   | Place    | Note
--------------------------------------------------------------
     0 | D:1      | RobertPalmer, the Kobold Hunter, began the quest for the Orb.
     0 | D:1      | Reached XP level 1. HP: 12/12 MP: 1/1
    51 | D:1      | Reached skill level 1 in Short Blades
   223 | D:1      | Reached skill level 2 in Short Blades
   223 | D:1      | Reached XP level 2. HP: 17/17 MP: 2/2
   731 | D:2      | Reached skill level 3 in Short Blades
  1004 | D:2      | Reached XP level 3. HP: 21/21 MP: 3/3
  1069 | D:2      | Found a snail-covered altar of Cheibriados.
  1378 | D:2      | Reached skill level 4 in Short Blades
  1392 | D:2      | HP: 4/21 [adder (4)]
  1398 | D:2      | HP: 1/21 [adder (4)]
  1400 | D:2      | Reached XP level 4. HP: 1/26 MP: 4/4
  1401 | D:2      | Slain by an adder

Action                   |  1- 3 |  4- 6 || total
-------------------------+-------+-------++-------
Melee: Short sword       |   153 |       ||   153
  Use: Potion            |     4 |       ||     4
       Scroll            |       |     1 ||     1
 Stab: Sleeping          |     1 |       ||     1
  Eat: Chunk             |     7 |       ||     7
       Meat ration       |     1 |       ||     1

Vault maps used:
D:1:      minmay_arrival_four_houses, minmay_misc_feat_room
D:2:      lemuel_round_altar, first_bread, st_stairs_4,
          corexii_item_surrounded_by_moat

Table legend:
 A = Turns spent in this place as a percentage of turns spent in the entire game.
 B = Non-inter-level travel turns spent in this place as a percentage of non-inter-level travel turns spent in the entire game.
 C = Inter-level travel turns spent in this place as a percentage of turns spent in this place.
 D = Turns resting spent in this place as a percentage of non-inter-level travel turns spent in this place.
 E = Turns spent auto-exploring this place as a percentage of non-inter-level travel turns spent in this place.
 F = Non-inter-level travel turns spent in this place divided by the number of levels of this place that you've seen.
                   A       B       C       D       E      F
               +-------+-------+-------+-------+-------+----------------------
         Total | 100.0 | 100.0 |   0.2 |   1.2 |   8.8 | 244.0
       Dungeon | 100.0 | 100.0 |   0.2 |   1.2 |   8.8 | 244.0
               +-------+-------+-------+-------+-------+----------------------

Table legend:
 A = Kills in this place as a percentage of kills in entire the game.
 B = Kills by you in this place as a percentage of kills by you in the entire game.
 C = Kills by friends in this place as a percentage of kills by friends in the entire game.
 D = Other kills in this place as a percentage of other kills in the entire game.
 E = Experience gained in this place as a percentage of experience gained in the entire game.
 F = Experience gained in this place divided by the number of levels of this place that you have seen.
                   A       B       C       D       E      F
               +-------+-------+-------+-------+-------+----------------------
         Total | 100.0 | 100.0 |  -nan |  -nan | 100.0 |  34.5
       Dungeon | 100.0 | 100.0 |  -nan |  -nan | 100.0 |  34.5
               +-------+-------+-------+-------+-------+----------------------
